Cogmind - Beta 14 X2 @@@ ROGUE MODE // 2024.07.30 @ 10:14:17 Player: Kyzrati Result: Destroyed self with Grenade Launcher Performance ------------- Evolutions (0) 0 Regions Visited (2) 400 Robots Destroyed (30) 150 Value Destroyed (622) 622 Prototype IDs (0) 0 Alien Tech Used (0) 0 Bonus (0) 0 TOTAL SCORE: 1172 Bonus ------- None Cogmind --------- Core Integrity 0/250 Matter 99/300 Energy 200/200 System Corruption 0% Temperature Cool (0) Movement Rolling (120) Ox1 Location -10/Subcaves Parts ------- > --- POWER (1) -------- Subdweller Power Source > --- PROPULSION (2) --- Subdweller Monowheel Subdweller Monowheel > --- UTILITY (2) ------ Scrap Shield > --- WEAPON (2) ------- Subdweller Machine Gun Grenade Launcher > --- INVENTORY (5) ---- Aluminum Leg Seismic Detector Rainbow Chip Light Assault Rifle Battle Rifle Peak State ------------ > --- POWER ------------ Subdweller Power Source > --- PROPULSION ------- Subdweller Monowheel Subdweller Monowheel > --- UTILITY ---------- Scrap Shield > --- WEAPON ----------- Subdweller Machine Gun Grenade Launcher > --- INVENTORY -------- Seismic Detector Rainbow Chip Light Assault Rifle Battle Rifle Battle Cannon [Rating: 14] Favorites ----------- Power Light Ion Engine Engine Light Ion Engine Propulsion Light Treads Treads Light Treads Leg Aluminum Leg Wheel Subdweller Monowheel Utility Seismic Detector Device Seismic Detector Storage Large Storage Unit Protection Scrap Shield Weapon Subdweller Machine Gun Energy Gun EM Pulse Gun Ballistic Gun Subdweller Machine Gun Ballistic Cannon Battle Cannon Launcher Grenade Launcher Special Weapon Mining Laser Build | -11 -10 -10 ------- Run | Yrd Mat Sub Slots Evolved . | . . . Power . | . . . Propulsion . | . . . Utility . | . . . Weapon . | . . . Parts Attached 41 | 7 14 20 Power 6 | 1 1 4 Engine 6 | 1 1 4 Core . | . . . Reactor . | . . . Propulsion 7 | 2 1 4 Treads 3 | 2 1 . Leg 2 | . . 2 Wheel 2 | . . 2 Hover . | . . . Flight . | . . . Utility 10 | 2 4 4 Device 5 | 1 3 1 Storage 2 | 1 1 . Processor . | . . . Hackware . | . . . Protection 3 | . . 3 Artifact . | . . . Weapon 18 | 2 8 8 Energy Gun 4 | 2 2 . Energy Cannon . | . . . Ballistic Gun 6 | . 3 3 Ballistic Cannon 2 | . . 2 Launcher 3 | . 1 2 Special Weapon 3 | . 2 1 Impact Weapon . | . . . Slashing Weapon . | . . . Piercing Weapon . | . . . Special Melee Weapon . | . . . Unidentified Prototypes . | . . . Parts Lost 4 | . . 4 Power 1 | . . 1 Propulsion 2 | . . 2 Utility . | . . . Weapon 1 | . . 1 Highest Loss Streak 4 | . . 4 To Critical Strikes . | . . . Average Slot Usage (%) 92 | . 99 86 Engine 12 | . 14 10 Treads 21 | . 27 15 Leg 5 | . . 10 Wheel 1 | . . 2 Device 8 | . 14 3 Storage 8 | . 14 3 Protection 6 | . . 11 Energy Gun 7 | . 13 2 Ballistic Gun 13 | . 11 14 Ballistic Cannon 4 | . . 9 Launcher 1 | . . 2 Special Weapon 1 | . 2 . Naked Turns . | . . . Heaviest Build 35 | 13 28 35 Greatest Support 40 | 40 40 40 Greatest Overweight (x) 1 | 1 1 1 Average Overweight (x) . | . . . Largest Inventory Capacity 15 | 8 15 15 Average Capacity 10 | 7 14 7 Most Carried 15 | 5 15 15 Average Carried 9 | 3 11 7 Final Capacity 15 | 8 15 5 Final Carried 15 | 5 15 5 Class Distribution -------------------- 79% | Mutant 20% | Subdweller-Mutant Dominant Class ---------------- Mutant | -10/Materials Mutant | -10/Subcaves Resources | -11 -10 -10 ----------- Run | Yrd Mat Sub Matter Collected 919 | 270 242 407 Remotely . | . . . Salvage Created 734 | 135 356 243 Parts 63 | 9 34 20 Haulers Intercepted 1 | . 1 . Recyclers Shooed . | . . . Parts Field Recycled . | . . . Retrieved Matter . | . . . Parts Self-Destructed 13 | . . 13 Prevented . | . . . Kills | -11 -10 -10 ------- Run | Yrd Mat Sub Combat Hostiles Destroyed 24 | . 14 10 Guns 14 | . 11 3 Cannons 1 | . . 1 AOE 9 | . 3 6 Classes Destroyed 8 | 2 5 1 Worker 1 | . 1 . Tunneler 2 | 2 . . Hauler 1 | . 1 . Recycler 1 | 1 . . Operator 1 | . 1 . Swarmer 12 | . 9 3 Grunt 5 | . 5 . Subdweller 7 | . . 7 Best Kill Streak 3 | 3 3 3 Combat Bots Only 3 | . 3 3 Max Kills in Single Turn 2 | 1 1 2 Gunslinging . | . . . Exploded 2 | . 1 2 Melee . | . . . Uniques/NPCs Destroyed . | . . . Combat | -11 -10 -10 -------- Run | Yrd Mat Sub Hostile Shots Fired 125 | . 54 71 Missed 36 | . 10 26 Damage Taken 1271 | . 395 876 Core 268 | . 114 154 Absorbed by Shields . | . . . Regen/Repaired (Parts) 72 | . 72 . Core Remaining (%) 100 | 100 . . Volleys Fired 126 | 6 51 69 Largest 2 | 2 2 2 Hottest 140 | 90 140 100 Shots Fired 186 | 12 83 91 Gun 113 | 12 66 35 Cannon 38 | . . 38 Launcher 20 | . 4 16 Special 15 | . 13 2 Kinetic 107 | . 34 73 Thermal 38 | 6 30 2 Explosive 20 | . 4 16 Electromagnetic 21 | 6 15 . Robot Hit Streak 21 | 3 7 21 Robot Miss Streak 3 | 2 3 2 Penetration Max . | . . . Secondary Targets 2 | . 2 . Max Gunslinging Chain 1 | . 1 . Shots Hit Robots 89 | 7 38 44 Core Hits 47 | 4 26 17 Critical Kills . | . . . Critical Parts Destroyed . | . . . Critical Strikes 3 | . 1 2 Destroy 2 | . . 2 Corrupt 1 | . 1 . Melee Attacks . | . . . Impact . | . . . Slashing . | . . . Piercing . | . . . Sneak Attacks . | . . . Combat Hostiles . | . . . Follow-up Attacks . | . . . Damage Inflicted 1852 | 93 704 1055 Guns 940 | 93 390 457 Cannons 112 | . . 112 Explosions 776 | . 290 486 Melee . | . . . Ramming . | . . . Kinetic 753 | . 184 569 Thermal 246 | 38 208 . Explosive 706 | . 220 486 Electromagnetic 147 | 55 92 . Impact . | . . . Slashing . | . . . Piercing . | . . . Highest Corruption . | . . . Average Corruption . | . . . Corruption Purged . | . . . Corruption Blocked . | . . . Overload Shots . | . . . Overflow Damage 8 | . . 8 Projectiles . | . . . Explosions 8 | . . 8 Melee . | . . . Knockbacks 1 | . . 1 Impact . | . . . Kinetic 1 | . . 1 Secondary . | . . . Self-Inflicted Damage 37 | . . 37 Shots 1 | . . 1 Rammed . | . . . Targets Rammed . | . . . Kicked . | . . . Crushed . | . . . Highest Temperature 120 | 120 94 . Average Temperature 33 | 51 29 . Received Heat Transfer 204 | . 57 147 Siege Activations . | . . . Robots Corrupted . | . . . Combat Hostiles . | . . . Parts Fried . | . . . Impact Corruptions . | . . . Robots Melted . | . . . Combat Hostiles . | . . . Parts Melted 3 | . 2 1 Heat Transferred 544 | 111 433 . Parts Sabotaged . | . . . Parts Stolen . | . . . Parts Stripped . | . . . Power Chain Reactions 1 | . 1 . Alert | -11 -10 -10 ------- Run | Yrd Mat Sub Peak Influence 174 | 15 174 . Initial 9 | . 9 . Average 64 | 6 70 . Maximum Alert Level . | . . . Low Security (%) 100 | 100 100 . Level 1 . | . . . Level 2 . | . . . Level 3 . | . . . Level 4 . | . . . Level 5 . | . . . High Security . | . . . Max Security . | . . . Squads Dispatched 3 | . 3 . Investigation 2 | . 2 . Extermination . | . . . Reinforcement 1 | . 1 . Assault . | . . . Garrison . | . . . Intercept . | . . . Searches Triggered . | . . . Construction Impeded . | . . . Haulers Reinforced . | . . . Active Scanning Responses . | . . . Cargo Convoy Interrupts . | . . . Stealth | -11 -10 -10 --------- Run | Yrd Mat Sub Distress Signals 1 | . 1 . Communications Jammed . | . . . Distress Signals . | . . . Times Spotted 39 | . 25 14 Peak Tracking Total 6 | . 6 3 Tactical Retreats 2 | . 1 1 Traps | -11 -10 -10 ------- Run | Yrd Mat Sub Traps Triggered 2 | . 2 . Indirectly . | . . . Trap Hack Attempts . | . . . Triggered . | . . . Disarmed . | . . . Reprogrammed . | . . . Reused . | . . . Traps Extracted . | . . . Installed . | . . . Triggered . | . . . Machines | -11 -10 -10 ---------- Run | Yrd Mat Sub Machines Disabled . | . . . Max in Single Turn . | . . . Machines Repaired . | . . . Machines Dismantled . | . . . Machines Sabotaged . | . . . Overloaded Fab Kills . | . . . Hacking | -11 -10 -10 --------- Run | Yrd Mat Sub Machines Accessed 5 | . 5 . Terminals 4 | . 4 . Fabricators . | . . . Repair Stations 1 | . 1 . Recycling Units . | . . . Scanalyzers . | . . . Garrison Access . | . . . Total Hacks 14 | . 14 . Successful 11 | . 11 . Failed 3 | . 3 . Catastrophic . | . . . Database Lockouts . | . . . Manual 12 | . 12 . Terminals 12 | . 12 . Fabricators . | . . . Repair Stations 2 | . 2 . Recycling Units . | . . . Scanalyzers . | . . . Garrison Access . | . . . Terminal Hacks 5 | . 5 . Unreport Threat 1 | . 1 . Zone Layout 4 | . 4 . Fabricator Hacks . | . . . Repair Station Hacks 2 | . 2 . Scan Component 1 | . 1 . Repair 1 | . 1 . Recycling Unit Hacks . | . . . Scanalyzer . | . . . Garrison Access Hacks . | . . . Unauthorized Hacks 4 | . 4 . Terminals 4 | . 4 . Track 2 | . 2 . Botnet 2 | . 2 . Fabricators . | . . . Repair Stations . | . . . Recycling Units . | . . . Scanalyzers . | . . . Garrison Access . | . . . Data Cores Recovered 1 | . 1 . Used . | . . . Hacking Detections 5 | . 5 . Full Trace Events . | . . . Feedback Events . | . . . Feedback Blocked . | . . . Robot Schematics Acquired . | . . . Robots Built . | . . . Authchips . | . . . Time . | . . . Total Robot Build Rating . | . . . Part Schematics Acquired . | . . . Parts Built . | . . . Authchips . | . . . Time . | . . . Total Part Build Rating . | . . . Parts Repaired 1 | . 1 . Time 26 | . 26 . Parts Recycled . | . . . Recycled Matter . | . . . Retrieved Matter . | . . . Retrieved Components . | . . . Parts Scanalyzed . | . . . Part Schematics Acquired . | . . . Parts Damaged . | . . . Bothacking | -11 -10 -10 ------------ Run | Yrd Mat Sub Used RIF Installer . | . . . Robots Hacked . | . . . Non-combat . | . . . Combat . | . . . Robot Hacks Applied . | . . . Relay Couplers Released . | . . . Fabnet Peak Effective % . | . . . Robots Rewired . | . . . Allies Hacked . | . . . Hacks Repelled . | . . . Allies | -11 -10 -10 -------- Run | Yrd Mat Sub Total Allies . | . . . Largest Group . | . . . Highest-Rated Group . | . . . Highest-Rated Ally . | . . . Total Orders . | . . . Ally Attacks . | . . . Total Damage . | . . . Kills . | . . . Allies Corrupted . | . . . Allies Melted . | . . . Intel | -11 -10 -10 ------- Run | Yrd Mat Sub Robot Analysis Total . | . . . Derelict Logs Recovered 1 | . . 1 Drone Launches . | . . . Drone Recoveries . | . . . Exploration | -11 -10 -10 ------------- Run | Yrd Mat Sub Turns Passed 3109 | 150 1354 1605 Spaces Moved 1466 | 78 675 713 Core 8 | 8 . . Treads 1368 | 70 675 623 Legs . | . . . Wheels 90 | . . 90 Hover . | . . . Flight . | . . . Fastest Speed 50 | 50 160 110 Average Speed 175 | 151 160 193 Slowest Speed 240 | 160 240 240 Overloaded Moves . | . . . Propulsion Burnouts . | . . . Robots Hopped . | . . . Cave-ins Triggered . | . . . Exploration Rate (%) 41 | 5 96 22 Regions Visited 2 Branch Regions 1 Pre-discovered Areas . | . . . Known Exits Taken . | . . . Unknown Exits Taken 2 | 1 1 . Scrap Searched 3 | . . 3 Spaces Dug 25 | . 12 13 Terrain Destroyed 112 | . 26 86 Melee . | . . . Projectile 16 | . 12 4 AOE 96 | . 14 82 Terrain Rammed . | . . . Walls Destroyed . | . . . Machines Disabled . | . . . Actions | -11 -10 -10 --------- Run | Yrd Mat Sub Total 1790 | 95 845 850 Wait 107 | . 84 23 Move 1464 | 77 674 713 Hop . | . . . Pick Up 24 | 5 14 5 Fast Attach 16 | 7 1 8 Attach 5 | . . 5 Detach 5 | . . 5 Swap 20 | . 13 7 Drop 20 | . 8 12 Fire 126 | 6 51 69 Melee . | . . . Ram . | . . . Kick . | . . . Crush . | . . . Escape Stasis . | . . . Rewire . | . . . Trap . | . . . Miscellaneous 3 | . . 3 Route ------- -11/Scrapyard -10/Materials (discovered 5 exits: [*Mat x3] / [*Min] / [*Sub]) -10/Subcaves History --------- Turn | Location | Event 15 | -11/Scrapyard | Discovered new exit (range 16) 151 | -11/Scrapyard | Entered Materials 314 | -10/Materials | Build established: Mutant 340 | -10/Materials | Discovered new exit (range 13) 528 | -10/Materials | Repaired Lgt. Treads 690 | -10/Materials | Discovered new exit (range 10) 716 | -10/Materials | Discovered new exit (range 15) 843 | -10/Materials | Discovered new exit (range 5) 1487 | -10/Materials | Discovered new exit (range 7) 1505 | -10/Materials | Entered Subcaves 1522 | -10/Subcaves | Shifting Twisted Machinery released Sub. Optics 1758 | -10/Subcaves | Core integrity fell below 50% 1794 | -10/Subcaves | Disturbed a concealed Subdweller 1807 | -10/Subcaves | Core integrity fell below 20% 1809 | -10/Subcaves | Disturbed a concealed Subdweller 1859 | -10/Subcaves | Lost 4 parts (1p2n1w) 1940 | -10/Subcaves | A swath of the cavern ceiling suddenly collapsed 2075 | -10/Subcaves | Shifting Twisted Machinery released Scrap Shield 2101 | -10/Subcaves | Learned Materials stockpile data 2581 | -10/Subcaves | Build established: Subdweller-Mutant 2955 | -10/Subcaves | A Subdweller sparked back to life 2955 | -10/Subcaves | A Subdweller sparked back to life 2982 | -10/Subcaves | Found Prototype Processor 3073 | -10/Subcaves | Ambushed by Subdweller buried in earth 3110 | -10/Subcaves | Destroyed self with Grenade Launcher Last Messages --------------- 02996_ Acquired 34 matter. 02997_ The unstable cave ceiling collapses. 02998_ Acquired Sub. Power Source. 03001_ Dropped Sub. Machine Gun. 03003_ Scrap Shield Fragment affixed to Scrap Shield (+11). 03008_ Dropped Battle Cannon. 03010_ Acquired Aluminum Leg. 03054_ Sub. Monowheel shoots sparks and powers down. 03074_ BA-YZY(R): "ARGHSUB!" 03080_ The unstable cave ceiling collapses. 03080_ BA-YZY(R) affixes Scrap Shield Fragment to Scrap Shield. 03085_ The unstable cave ceiling collapses. 03099_ Flight Unit fries itself beyond repair. 03104_ Acquired 18 matter. 03105_ Lgt. Ion Engine fries itself beyond repair. 03105_ The unstable cave ceiling collapses. Map ----- +----------------------------------------------------+ | ????????????????????????????????????????????? | | ????????????????????????????????????????????? | | ????????????????????????????????????????????? | | ????????????????????????????????????????????? | | ????????????????????????????????????????????? | | ????????????????????????????????????????????? | | ????????????????????????????????????????????? | | ????????????????????????????????????????????? | | ????????????????????????????????????????????? | | ????????????????????????????????????????????? | | ????????????????????????????????????????????? | | ????????????????????????????????????????????? | | ????????????????????????????????????????????? | | ????????????????????????????????????????????? | | ????????????????????????????????????????????? | | ????????????????????????????????????????????? | | ????????????????????????????????????????????? | | ????????????????????????????????????????????? | | ????????????????????????????????????????????? | | ????????????????????????????????????????????? | | ????????????????????????????????????????????? | | ????????????????????????????????????????????? | | ??????????????????####??????????????????????? | | ?????????????????## # ??????????????????????? | | ?????????????????# ###????????????????????? | | ?????????????????# @#"##????##?????????????? | | ?????????????????## "##??# #??????? ????? | | ??????????????????# ###""###### ???? | | ????????????????### !"##"!" ????? | | ????????????????# s % % ????? | | ????????????????# # # " % ????? | | ????????????????# # # ######## ????? | | ????????????????## "" ! ######??????????? | | ?????????????????# # """" # # #??????????? | | ?????????????????# "" " #??????????? | | ?????????????????# " # ### ##?????????? | | ?????????????????### ### ##?# ###???????? | | ???????????????????# ## ###### # ##??????? | | ???????????????????# # ## #??????? | | ???????????????????# ##??????? | | ???????????????????### # ## ## ##???????? | | ?????????????????????### ###### #????????? | | ???????????????????????# #??## ##????????? | | ??????????????????????## #??# #?????????? | | ??????????????????????# #??# ##????????? | | ??????????????????????# #??# #????????? | | ???????????????######## #??## #????????? | | ???????????????# ##???# ##???????? | | ???????????????# ###### ##??????? | | ???????????????# [" "! !## # ##?????? | +----------------------------------------------------+ Best States ------------- Heat Dissipation 25 Energy Generation 15 Energy Capacity 200 Matter Stores 300 Matter Capacity 300 Sight Range 16 Terrain Scan Range 16 Terrain Scan Density 10 Armor Coverage 800 Weapon Shielding 33 Evasion (%) 40 Recoil Reduction 2 Item Schematics ----------------- None Robot Schematics ------------------ None Fabricated ------------ Nothing Alien Tech Used ----------------- None Achievements -------------- None Challenges ------------ None Game ------ Seed WarlordMolecularTelecube Manual? 0 Play Time 00:39:40 Cumulative 526.0 hours Start 2024.07.30 @ 09:31:20 End 2024.07.30 @ 10:14:17 Sessions 1 Manual Loads 0 Difficulty Rogue Special Mode None Game No. 142 Rogue 142 Adventurer 0 Explorer 0 Win Type - Total 37 Types 27/0/3/2/1/1/1/2/0 Lore% 34 Gallery% 79 Achievement% 86 Wizard Run 0 Options --------- Layout 2 ASCII 0 Keyboard 1 Movement Numpad Keybinds 0 Fullscreen 2 Font 24/Smallcaps Map View 50x44 Zoom Use 0% Tactical HUD 1 Map Filters NONE Filters NONE Steam 1 RUN: ea3fde2e-9851-437a-b8d2-a7629803ea27